 Dungeon Crawl Stone Soup version 0.29-a0-322-g68df515428 (webtiles) character file.

Game seed: 6317818943607792641

22 kae the Firebug (level 2, 0/16 HPs)
             Began as a Tengu Fire Elementalist on Apr 8, 2022.
             Slain by a frilled lizard (2 damage)
             ... on level 1 of the Dungeon.
             The game lasted 00:00:28 (931 turns).

kae the Firebug (Tengu Fire Elementalist)            Turns: 931, Time: 00:00:29

Health: 0/16       AC:  3    Str:  8    XL:     2   Next: 91%
Magic:  5/6        EV: 12    Int: 15    God:
Gold:   38         SH:  0    Dex: 14    Spells: 4/5 levels left

rFire   + . .      SeeInvis .   d - +0 club
rCold   + . .      Faith    .   (no shield)
rNeg    . . .      Spirit   .   a - +0 robe
rPois   +          Reflect  .   (helmet restricted)
rElec   +          Harm     .   (no cloak)
rCorr   +          Rampage  .   e - +0 pair of gloves
Will    .....                   (boots unavailable)
Stlth   ++........              (no amulet)
HPRegen 0.05/turn               (no ring)
MPRegen 0.10/turn               (no ring)

@: brilliant, resistant
A: beak, talons 3
a: no special abilities


You were on level 1 of the Dungeon.
You visited 1 branch of the dungeon, and saw 1 of its levels.

You collected 38 gold pieces.

Inventory:

Hand Weapons
 d - a +0 club (weapon)
Armour
 a - a +0 robe (worn)
 e - a +0 pair of gloves (worn)
Jewellery
 g - an amulet of regeneration
Scrolls
 c - a scroll of teleportation {unknown}
Potions
 b - a potion of magic


   Skills:
 + Level 1.0 Fighting
 + Level 0.7 Armour
 + Level 2.4 Dodging
 - Level 2.0 Stealth
 + Level 2.1 Spellcasting
 + Level 2.0 Conjurations
 + Level 3.4 Fire Magic


You had 4 spell levels left.
You knew the following spells:

 Your Spells              Type           Power      Damage    Failure   Level
a - Foxfire               Conj/Fire      56%        2x1d6     7%          1

Your spell library contained the following spells:

 Spells                   Type           Power      Damage    Failure   Level
 Scorch                   Fire           36%        2d7       8%          2
 Conjure Flame            Conj/Fire      14%        6-21      22%         3
 Inner Flame              Hex/Fire       10%        N/A       32%         3
 Flame Wave               Conj/Fire      14%        2d6       56%         4


Dungeon Overview and Level Annotations

Branches:
Dungeon (1/15)

Altars:


Innate Abilities, Weirdness & Mutations

You have a beak for a mouth.
You have claws for feet.


Message History

You hit the hobgoblin.
You kill the hobgoblin!
The jackal closely misses you.
Your Fighting skill increases to level 1!
Your Conjurations skill increases to level 2!
It was a potion of brilliance.
You feel clever all of a sudden. The jackal closely misses you.
The jackal barely misses you.
It was a potion of resistance.
You feel protected.
The jackal bites you but does no damage.
You closely miss the jackal. You peck the jackal, but do no damage.
The jackal bites you.
* * * LOW HITPOINT WARNING * * *
The jackal barely misses you.
You hit the jackal but do no damage. Your kick misses the jackal.
The jackal barely misses you. The jackal bites you.
* * * LOW HITPOINT WARNING * * *
You barely miss the jackal. The jackal bites you.
* * * LOW HITPOINT WARNING * * *
You hit the jackal but do no damage. You peck the jackal, but do no damage.
The jackal bites you.
* * * LOW HITPOINT WARNING * * *
The jackal closely misses you.
You closely miss the jackal. You claw the jackal. You peck the jackal.
The jackal is severely wounded.
The jackal misses you.
The jackal bites you but does no damage.
You hit the jackal.
You kill the jackal!
The frilled lizard barely misses you.
The frilled lizard attacks as you move away!
The frilled lizard bites you but does no damage.
Casting: Foxfire (safe; 7% risk of failure)
Confirm with . or Enter, or press ? or * to list all spells.
You feel a surge of power!
You conjure some foxfire!
The frilled lizard barely misses you.
A giant cockroach comes into view.
The frilled lizard bites you.
You die...

###### .>...# .###.# )###.#
...#.# ## ...#.# .#
...#.###############.#####.
.###..††.......v@lw........
.# ################B######
## #.# # .h. # .#.## #####
.l... ....# h. ... ###.#
.S. ... #.# ##. .####


You could see a dart slug, a giant cockroach and a frilled lizard (ally target).

Vanquished Creatures
  2 bats (D:1)
  3 goblins (D:1)
  2 hobgoblins (D:1)
  6 jackals (D:1)
  A kobold (D:1)
  A quokka (D:1)
  3 ball pythons (D:1)
18 creatures vanquished.

Vanquished Creatures (others)
  21 foxfires (D:1)
21 creatures vanquished.

Grand Total: 39 creatures vanquished

Notes
Turn   | Place    | Note
-------+----------+-------------------------------------------
     0 | D:1      | kae the Tengu Fire Elementalist began the quest for the
                  | Orb.
     0 | D:1      | Reached XP level 1. HP: 10/10 MP: 4/4
   477 | D:1      | Found a faded altar of an unknown god.
   484 | D:1      | Reached XP level 2. HP: 16/16 MP: 3/6
   921 | D:1      | Reached skill level 1 in Fighting
   931 | D:1      | Slain by a frilled lizard

Illustrated notes

Levels and vault maps discovered:
D:1:      saegor_arrival_simple_d, layout_loops_ring,
          hellmonk_ecumenical_altar_run_dry, minmay_pentomino_v2

Skill      XL: |  1  2 |
---------------+-------+-----
Fighting       | 1 |  1.0
Conjurations   | 2 |  2.0
Armour         | |  0.7
Dodging        | |  2.4
Stealth        | |  2.0
Spellcasting   | |  2.1
Fire Magic     | |  3.4

Action                   || total
-------------------------++-------
Melee: Unarmed           ||    14
       Peck              ||    12
       Kick              ||    15
       Club              ||    43
 Cast: Foxfire           ||    18
  Use: Potion            ||     2
Armor: Robe              ||    19
Dodge: Dodged            ||    59

Table legend: (Time is in decaauts)
 A = Elapsed time spent in this place.
 B = Non-inter-level travel time spent in this place.
 C = Inter-level travel time spent in this place.
 D = Time resting spent in this place.
 E = Time spent auto-exploring this place.
 F = Levels seen in this place.
 G = Mean time per level.
                   A        B        C        D        E       F      G
               +--------+--------+--------+--------+--------+-----+--------+
         Total |    944 |    944 |      0 |      0 |    786 |   1 |  944.0 |
       Dungeon |    944 |    944 |      0 |      0 |    786 |   1 |  944.0 |
               +--------+--------+--------+--------+--------+-----+--------+

Top non-repeatable levels by time:
     D:1: 944 daAuts
